 Dungeon Crawl Stone Soup version 0.28.0-47-ge53b351184 (webtiles) character file.

Game seed: 17757220681509625330

5957 101zpm the Thaumaturge (level 11, -8/67 HPs)
             Began as a Djinni Fire Elementalist on May 2, 2022.
             Was a Believer of Qazlal.
             Shot with an arrow by a centaur (11 damage)
             ... on level 8 of the Dungeon.
             The game lasted 00:37:11 (12985 turns).

101zpm the Thaumaturge (Djinni Fire Elementalist)  Turns: 12985, Time: 00:37:12

Health: -8/67      AC:  6    Str:  9    XL:     11   Next: 9%
Gold:   583        EV: 12    Int: 27    God:    Qazlal [**....] SH:  3 Dex: 14

rFire   + + .      SeeInvis .   y - +2 scythe (vorpal)
rCold   x . .      Faith    .   (shield currently unavailable)
rNeg    . . .      Spirit   .   D - +1 robe of Dramatic Exits {Str+2}
rPois   ∞          Reflect  .   x - +0 helmet
rElec   .          Harm     .   E - +0 cloak
rCorr   .          Rampage  .   F - +0 pair of gloves
Will    +....                   (boots unavailable)
Stlth   ++........              (no amulet)
HPRegen 0.21/turn               u - +6 ring of intelligence
MPRegen 0.00/turn               (no ring)

@: flying
A: sickness immunity, fire resistance 2, cold vulnerability 1, float, innate
caster, HP casting, extra vitality 1
a: Renounce Religion, Upheaval


You were on level 8 of the Dungeon.
You worshipped Qazlal.
Qazlal was pleased with you.
You visited 2 branches of the dungeon, and saw 9 of its levels.

You collected 583 gold pieces.

Inventory:

Hand Weapons
 y - a +2 vorpal scythe (weapon)
 J - a +5 scimitar
Missiles
 a - 5 boomerangs of dispersal
 v - 345 stones
 z - 135 arrows
 A - 38 sling bullets
Armour
 x - a +0 helmet (worn)
 D - the +1 robe of Dramatic Exits (worn) {Str+2}
   (You found it on level 6 of the Dungeon)

   Str:       It affects your strength (+2).
 E - a +0 cloak (worn)
 F - a +0 pair of gloves (worn)
Jewellery
 t - a ring of ice
 u - a +6 ring of intelligence (left hand)
 L - a ring of resist corrosion
 N - a ring of willpower
Wands
 e - a wand of polymorph (13)
 j - a wand of flame (20)
 o - a wand of paralysis (15)
 C - a wand of acid (9)
 I - a wand of iceblast (15)
Scrolls
 c - 4 scrolls of teleportation
 g - a scroll of silence
 i - 2 scrolls of enchant armour
 l - 2 scrolls of summoning
 q - a scroll of identify
 s - a scroll of blinking
 w - 4 scrolls of torment
 B - a scroll of fog
 M - a scroll of magic mapping {unknown}
Potions
 b - 3 potions of curing
 d - a potion of heal wounds
 f - a potion of resistance {unknown}
 h - a potion of might {unknown}
 k - 3 potions of haste {unknown}
 m - a potion of ambrosia {unknown}
 n - 2 potions of lignification {unknown}
 p - 2 potions of cancellation {unknown}
 r - a potion of magic {unknown}
 G - a potion of brilliance {unknown}
 H - a potion of flight {unknown}
 K - a potion of attraction {unknown}


   Skills:
 + Level 1.1 Fighting
 + Level 2.8 Dodging
 + Level 4.0 Stealth
 + Level 0.1 Shields
 + Level 0.4 Unarmed Combat
 + Level 12.0 Spellcasting
 + Level 0.1 Evocations


You had 8 spell levels left.
You knew the following spells:

 Your Spells              Type           Power      Damage    Failure   Level
a - Foxfire               Conj/Fire      100%       2x1d9     1%          1
b - Scorch                Fire           100%       2d10      1%          2
c - Conjure Flame         Conj/Fire      69%        6-21      1%          3
d - Inner Flame           Hex/Fire       69%        N/A       1%          3
e - Flame Wave            Conj/Fire      69%        2d13      1%          4
f - Magic Dart            Conj           100%       1d8       1%          1
g - Corpse Rot            Necr/Air       100%       N/A       1%          2
h - Swiftness             Air            69%        N/A       1%          3
i - Ignite Poison         Fire/Tmut/Pois 69%        N/A       1%          3
j - Dispel Undead         Necr           69%        3d23      1%          4
Your spell library was empty.

Dungeon Overview and Level Annotations

Branches:
Dungeon (8/15)             Temple (1/1) D:5
   Lair: D:8-11

Altars:
Ashenzari
Cheibriados
Dithmenos
Fedhas
Gozag
Hepliaklqana
Kikubaaqudgha
Nemelex Xobeh
Okawaru
Qazlal
Ru
Sif Muna
Trog
Vehumet
Wu Jian
Xom
Yredelemnul
Zin
The Shining One
Jiyva

Shops:
D:4 [   D:7 =(

Annotations:
D:8 3 runed translucent doors, Kenran's ghost, novice TrGl


Innate Abilities, Weirdness & Mutations

You are immune to sickness and miasma.
You are immune to poison.
Your flesh is very heat resistant. (rF++)
You are vulnerable to cold. (rC-)
You float through the air rather than walking.
You learn spells naturally, not from books.
Your magical power is your life essence.
You have superior vitality. (+4 MHP)


Message History

The orc warrior barely misses your orc.
An orc warrior comes into view.
It is wielding a +0 scimitar and carrying a wand of digging (6).
The wight closely misses you.
You swap places.
The yak gores your orc!
Your orc dies!
Your orc's corpse dissolves into shadows!
The necrophage hits your orc!
Your orc dies!
Your orc's corpse dissolves into shadows!
The orc warrior hits your orc with a +0 dire flail.
The hornet is engulfed in blazing flames.
Flame seeps out of the hornet.
You block the wight's attack.
Your orc priest hits the wight with a +0 hand axe.
Flame seeps out of the wight.
Your orc hits the orc warrior but does no damage.
A centaur comes into view.
The orc warrior hits your orc with a +0 dire flail!
Your orc dies!
Your orc's corpse dissolves into shadows!
The wight is engulfed in blazing flames.
Flame seeps out of the wight.
The wight hits your orc priest with a +3 scimitar of freezing!
The wight freezes your orc priest.
Your orc priest calls down the wrath of Beogh upon the wight.
The wight is smitten.
Qazlal accepts your kill.
The wight explodes!
The fiery explosion engulfs you! You resist.
* * * LOW HITPOINT WARNING * * *
The fiery explosion engulfs your orc priest!!
You kill your orc priest!
Your orc priest's corpse dissolves into shadows!
The fiery explosion engulfs the necrophage!!
You destroy the necrophage!
Qazlal accepts your kill.
Your Spellcasting skill increases to level 12!
You hear a zap.
You hear a grinding noise.
The centaur wields a +0 shortbow.
The centaur shoots an arrow.
The arrow hits you!
You die...

#....#...#≈.≈.≈# #.
#####....###'#≈...≈# #.
#....##'####.# ##
#....#.......######## #
#....#..............# #
#....#..............# .#
#....#.....###......#..'
#....#....## ##.....#..#
#....#.@#.# #.#.###.##
######....# ##.#.###.##
#...#### #....#....'
##c##(.## #####.....#
#.#(...+ ##...##
#Y#o[..## #.'##.
#.....c.. #...'.
#.)####)Zo #...#.
##..))y.# #..##.


You could see a yak (inner flame) and a centaur.

Vanquished Creatures
  A two-headed ogre (D:8)
  2 slime creatures (D:8)
  Sigmund (D:3)
  A wyvern (D:6)
  Eustachio (D:5)
  5 yaks (D:8)
  A water moccasin (D:7)
  3 orc warriors
  A hornet zombie (D:7)
  2 black bears
  2 ice beasts (D:5)
  2 necrophages
  An ogre (D:4)
  3 centaurs (D:8)
  A phantom (D:6)
  4 kobold brigands
  Blork the orc (D:6)
  2 bullfrogs
  A gnoll sergeant (D:7)
  A scorpion (D:5)
  A water moccasin zombie (D:6)
  15 wights
  2 howler monkeys
  A jelly (D:7)
  A bullfrog zombie (D:6)
  3 hounds
  A centaur skeleton (D:7)
  A bullfrog skeleton (D:7)
  3 gnoll shamans
  3 iguanas (D:4)
  3 orc wizards
  A scorpion zombie (D:5)
  A killer bee zombie (D:7)
  A hound skeleton (D:4)
  Robin (D:3)
  10 adders
  14 gnolls
  A shadow imp (D:7)
  5 white imps
  3 ufetubi
  2 worms (D:2)
  14 orcs
  3 ball pythons
  7 endoplasms
  4 giant cockroaches
  16 goblins
  8 hobgoblins
  13 kobolds
  3 quokkas (D:1)
  4 bats
  6 frilled lizards
  A rat (D:3)
188 creatures vanquished.

Vanquished Creatures (collateral kills)
  A wight (D:8)
1 creature vanquished.

Vanquished Creatures (others)
  749 foxfires
  8 fungi (D:7)
757 creatures vanquished.

Grand Total: 946 creatures vanquished

Notes
Turn   | Place    | Note
-------+----------+-------------------------------------------
     0 | D:1      | 101zpm the Djinni Fire Elementalist began the quest for the
                  | Orb.
     0 | D:1      | Reached XP level 1. HP: 15/15 MP: 0/0
   555 | D:2      | Reached XP level 2. HP: 10/21 MP: 0/0
   847 | D:3      | Reached skill level 3 in Spellcasting
   847 | D:3      | Reached XP level 3. HP: 21/25 MP: 0/0
   847 | D:3      | Learned a level 1 spell: Magic Dart
  1302 | D:4      | Reached XP level 4. HP: 22/31 MP: 0/0
  1623 | D:4      | Reached skill level 4 in Spellcasting
  1623 | D:4      | Reached XP level 5. HP: 27/35 MP: 0/0
  1623 | D:4      | Learned a level 2 spell: Corpse Rot
  1774 | D:5      | Entered Level 5 of the Dungeon
  1850 | D:5      | Noticed Eustachio
  1861 | D:5      | Killed Eustachio
  1862 | D:5      | Reached skill level 5 in Spellcasting
  1862 | D:5      | Reached XP level 6. HP: 17/40 MP: 0/0
  1867 | D:5      | Noticed an ice beast
  1873 | D:5      | Killed an ice beast
  1874 | D:5      | Reached XP level 7. HP: 6/45 MP: 0/0
  1874 | D:5      | Learned a level 3 spell: Swiftness
  2152 | D:5      | Found a staircase to the Ecumenical Temple.
  2634 | D:5      | Reached skill level 6 in Spellcasting
  2861 | D:5      | Reached XP level 8. HP: 43/50 MP: 0/0
  2960 | Temple   | Entered the Ecumenical Temple
  3059 | Temple   | Became a worshipper of Qazlal Stormbringer
  3114 | D:6      | Noticed Blork the orc
  3119 | D:6      | Killed Blork the orc
  3124 | D:6      | Reached skill level 7 in Spellcasting
  3140 | D:6      | Noticed a wyvern
  3375 | D:3      | Noticed Sigmund
  3382 | D:3      | Killed Sigmund
  3816 | D:3      | Noticed Robin
  3829 | D:3      | Killed Robin
  4550 | D:4      | Found Asunef's Armour Shoppe.
  5115 | D:1      | Reached * piety under Qazlal
  5322 | D:1      | Found a faded altar of an unknown god.
  7464 | D:5      | Reached skill level 8 in Spellcasting
  7738 | D:6      | Reached XP level 9. HP: 53/56 MP: 0/0
  7738 | D:6      | Learned a level 3 spell: Ignite Poison
  8284 | D:6      | Found a blossoming altar of Fedhas.
  8444 | D:6      | Identified the +1 robe of Dramatic Exits {Str+2}
  8856 | D:7      | Found Bojopus's Weapon Emporium.
  8888 | D:7      | Reached skill level 9 in Spellcasting
  9869 | D:7      | Found an ornate altar of the Wu Jian Council.
  9898 | D:7      | Found Jusem's Jewellery Shoppe.
 10274 | D:7      | Reached XP level 10. HP: 34/61 MP: 0/0
 10283 | D:7      | Reached skill level 10 in Spellcasting
 10949 | D:8      | Reached ** piety under Qazlal
 11438 | D:8      | Found a runed translucent gate.
 11439 | D:8      | Found a runed translucent gate.
 11440 | D:8      | Found a runed translucent gate.
 11443 | D:8      | Found a viscous altar of Jiyva.
 11443 | D:8      | Noticed Kenran's ghost (novice TrGl)
 11929 | D:8      | Noticed a two-headed ogre
 11933 | D:8      | Killed a two-headed ogre
 11934 | D:8      | Reached skill level 1 in Fighting
 11934 | D:8      | Reached skill level 11 in Spellcasting
 12317 | D:8      | Reached XP level 11. HP: 32/67 MP: 0/0
 12317 | D:8      | Learned a level 4 spell: Dispel Undead
 12979 | D:8      | HP: 2/67 [spore (10)]
 12980 | D:8      | Reached skill level 12 in Spellcasting
 12985 | D:8      | Shot with an arrow by a centaur

Illustrated notes

Levels and vault maps discovered:
D:1:      tarquinn_simple_flora_water_c, layout_basic,
          ebering_ecumenical_altar_rust, corner_web_ring
D:2:      layout_loops_corners, kennysheep_generic_room_4
D:3:      layout_basic, uniq_robin, uniq_sigmund
D:4:      layout_rooms, serial_shops, shop
D:5:      layout_layer_cave, minmay_temple_entry_mini_moons,
          grunt_ministairs_15, uniq_eustachio
D:6:      layout_rooms, gammafunk_temple_overflow_wave, uniq_blork_the_orc
D:7:      kennysheep_six_static_rooms, layout_loops_ring,
          mainiacjoe_overflow_boulevard, serial_shops,
          nicolae_shop_bloodbath_and_beyond, minmay_shop_enchanted_jewellery
D:8:      layout_gridville, nicolae_uskayaw_suspiria, gammafunk_ghost_ooze,
          minmay_joined_circles
Temple:   compressed_dpeg_circular_temple

Skill      XL: |  1  2  3  4  5  6  7  8  9 10 11 |
---------------+----------------------------------+-----
Spellcasting   | 3 4 5 6 8 9 11 12 | 12.0
Stealth        | 2 3 4 |  4.0
Fighting       | 1 |  1.1
Dodging        | |  2.8
Shields        | |  0.1
Unarmed Combat | |  0.4
Evocations     | |  0.1

Action                   |  1- 3 |  4- 6 |  7- 9 | 10-12 || total
-------------------------+-------+-------+-------+-------++-------
Melee: Unarmed           |     9 |       |     1 |       ||    10
 Cast: Foxfire           |    55 |    32 |   273 |   111 ||   471
       Scorch            |     5 |     6 |    42 |    15 ||    68
       Inner Flame       |       |     7 |    76 |    44 ||   127
       Swiftness         |       |       |     1 |       ||     1
Evoke: Wand              |       |       |       |     1 ||     1
  Use: Scroll            |       |       |       |     9 ||     9
Armor: Robe              |       |       |     9 |     1 ||    10
Dodge: Dodged            |     3 |       |    23 |    10 ||    36
Block: Other             |       |       |       |     1 ||     1
